 Dungeon Crawl Stone Soup version 0.28-a0-861-ge64d6db94f (webtiles) character file.

Game seed: 10818461216918405904

92654 siradein the Victor of a Thousand Battles (level 15, -7/120 HPs)
             Began as a Demonspawn Gladiator on Nov 16, 2021.
             Was the Champion of Okawaru.
             Mangled by a sun demon (9 damage)
             ... summoned by an orc sorcerer
             ... while paralysed by an orc sorcerer
             ... on level 2 of the Orcish Mines.
             The game lasted 02:15:39 (28086 turns).

siradein the Victor of a Thousand Battles (DsGl)   Turns: 28086, Time: 02:15:39

Health: -7/120     AC: 13    Str: 16    XL:     15   Next: 58%
Magic:  24/24      EV:  2    Int:  9    God:    Okawaru [******]
Gold:   2049       SH:  0    Dex: 18    Spells: 14/14 levels left

rFire   + . .      SeeInvis +   Z - +6 quick blade of Wyrd {freeze, rPois}
rCold   . . .      Faith    +   A - +0 kite shield
rNeg    . . .      Spirit   .   V - +3 troll leather armour
rPois   +          Reflect  .   (helmet unavailable)
rElec   .          Harm     .   T - +0 cloak
rCorr   .          Rampage  .   f - +1 pair of gloves {Stlth+}
Will    +....                   K - +2 pair of boots
Stlth   +++++.....              g - amulet of faith
HPRegen 1.30/turn               G - ring of flight
MPRegen 0.19/turn               p - ring of protection from fire

@: paralysed, flying
A: antennae 3, powered by pain 2, condensation shield, dopey 1
a: Renounce Religion, Heroism, Finesse, Duel


You were on level 2 of the Orcish Mines.
You worshipped Okawaru.
Okawaru was exalted by your worship.
You visited 4 branches of the dungeon, and saw 20 of its levels.
You also visited: Ossuary, Gauntlet and Volcano.

You collected 2049 gold pieces.

Inventory:

Hand Weapons
 h - the +9 rapier "Blob" {speed, Str-5 Dex+3}
   (You found it on level 6 of the Lair of Beasts)

   Attacks with this weapon are significantly faster.
   Str:       It affects your strength (-5).
   Dex:       It affects your dexterity (+3).
 l - the +7 hand crossbow of Ubiquitous Fortitude {penet, Will+}
   (Okawaru gifted it to you on level 6 of the Lair of Beasts)

   Any ammunition fired by it passes through the targets it hits, potentially
   hitting all targets in its path until it reaches maximum range.
   Will:      It increases your willpower.
 q - a +0 quick blade of flaming
 Z - the +6 quick blade of Wyrd (weapon) {freeze, rPois}
   (Okawaru gifted it to you on level 1 of the Lair of Beasts)

   It freezes those it strikes, dealing additional cold damage.
   It can also slow down cold-blooded creatures.
   rPois:     It protects you from poison.
Missiles
 a - 4 datura-tipped darts
 b - 47 bolts
 d - 5 throwing nets
 m - 2 boomerangs of dispersal
 n - 10 javelins
 z - 9 curare-tipped darts
 J - 5 boomerangs
 N - 20 silver javelins
 R - 9 poisoned darts (quivered)
 X - 16 atropa-tipped darts
Armour
 f - a +1 pair of gloves of stealth (worn)
 A - a +0 kite shield (worn)
 K - a +2 pair of boots (worn)
 T - a +0 cloak (worn)
 V - a +3 troll leather armour (worn)
Jewellery
 e - the amulet "Cyulatef" {Regen+ rCorr Str-4 Int+3}
   (You found it on level 4 of the Lair of Beasts)

   [amulet of regeneration]

   Str:       It affects your strength (-4).
   Int:       It affects your intelligence (+3).
   Regen:     It increases your rate of health regeneration.
   rCorr:     It protects you from acid and corrosion.
 g - an amulet of faith (around neck)
 p - a ring of protection from fire (right hand)
 G - a ring of flight (left hand)
Wands
 s - a wand of iceblast (22)
 v - a wand of mindburst (22)
 C - a wand of polymorph (14)
 F - a wand of digging (10)
 O - a wand of flame (89)
 P - a wand of acid (11)
 S - a wand of paralysis (8)
Scrolls
 c - 2 scrolls of silence
 i - 2 scrolls of fear {unknown}
 o - 3 scrolls of enchant weapon
 u - 5 scrolls of teleportation
 y - 2 scrolls of magic mapping
 D - 3 scrolls of vulnerability {unknown}
 E - 4 scrolls of immolation
 H - a scroll of torment {unknown}
 I - 2 scrolls of acquirement
 L - 4 scrolls of fog
 U - a scroll of blinking {unknown}
Potions
 j - 6 potions of haste
 k - 6 potions of magic
 r - a potion of resistance {unknown}
 t - 2 potions of mutation {unknown}
 w - 2 potions of berserk rage {unknown}
 x - 5 potions of heal wounds
 B - a potion of invisibility {unknown}
 M - a potion of cancellation
 Q - 4 potions of might {unknown}
 W - 4 potions of curing
 Y - 6 potions of ambrosia


   Skills:
 + Level 11.6 Fighting
 + Level 11.0 Short Blades
 + Level 10.8 Throwing
 + Level 10.9 Dodging
 + Level 7.1 Stealth
 + Level 9.4 Shields
 + Level 12.9 Invocations
 + Level 7.2 Evocations


You had 14 spell levels left.
You didn't know any spells.
Your spell library contained the following spells:

 Spells                   Type           Power      Damage    Failure   Level
 Foxfire                  Conj/Fire      0%         2x1d4     71%         1
 Passwall                 Tmut/Erth      0%         N/A       83%         2
 Static Discharge         Conj/Air       0%         N/A       83%         2
 Conjure Flame            Conj/Fire      0%         6-21      97%         3
 Ignite Poison            Fire/Tmut/Pois 0%         N/A       97%         3
 Inner Flame              Hex/Fire       0%         N/A       97%         3
 Swiftness                Air            0%         N/A       97%         3
 Airstrike                Air            0%         N/A       100%        4
 Dispel Undead            Necr           0%         3d6       100%        4
 Flame Wave               Conj/Fire      0%         3d3       100%        4
 Fulminant Prism          Conj/Hex       0%         3d6       100%        4
 Iskenderun's Mystic Bla  Conj/Tloc      0%         2d3       100%        4
 Sticky Flame             Conj/Fire      0%         2d3       100%        4
 Lee's Rapid Deconstruct  Erth           0%         3d5*      100%        5
 Lightning Bolt           Conj/Air       0%         1d11      100%        5
 Dispersal                Tloc           0%         N/A       100%        6
 Disjunction              Tloc           0%         N/A       100%        8
 Summon Lightning Spire   Summ/Air       Unusable   N/A       N/A         4

Dungeon Overview and Level Annotations

Branches:
Dungeon (11/15)            Temple (1/1) D:5            Lair (6/6) D:8
  Swamp (0/4) Lair:2       Spider (0/4) Lair:2        Slime (0/5) Lair:6
    Orc (2/2) D:9             Elf (0/3) Orc:2       Ossuary (visited)
Volcano (visited)         Gauntlet (visited)

Altars:
Ashenzari
Cheibriados
Elyvilon
Fedhas
Gozag
Hepliaklqana
Kikubaaqudgha
Okawaru
Sif Muna
Uskayaw
Wu Jian
Yredelemnul


Innate Abilities, Weirdness & Mutations

You have a pair of large antennae on your head. (SInv)
You sometimes gain power by taking damage.
A meltable shield of frost defends you. (SH +0)
You are dopey. (Int -2)


Message History

The orange demon stings you from afar.
Things that are here:
a +0 mace; a +0 robe You hit the orc sorcerer but do no damage.
The orc sorcerer is lightly wounded.
The orange demon stings you but does no damage.
You hit the orc sorcerer. You freeze the orc sorcerer.
The orc sorcerer is moderately wounded.
The orc sorcerer gestures wildly while chanting.
You hit the orc sorcerer but do no damage.
The orc sorcerer is moderately wounded.
You block the sixfirhy's attack. The orange demon misses you.
The orange demon completely misses you. The sixfirhy hits you.
The sixfirhy shocks you! You block the sixfirhy's attack.
The sixfirhy misses you.
The orc sorcerer hits you with a +0 dagger.
You block the orange demon's attack.
The orc sorcerer gestures wildly while chanting.
The orc sorcerer mumbles some strange words.
Things that are here:
a +0 battleaxe; a +0 chain mail
Things that are here:
a +0 hand axe; a +0 leather armour The sixfirhy barely misses you.
The sixfirhy hits you but does no damage.
The sixfirhy hits you. The sixfirhy shocks you!
The sixfirhy hits you but does no damage.
The orc sorcerer casts a spell at you.
You suddenly lose the ability to move!
The orange demon disappears in a puff of smoke!
The ynoxinul gestures.
The orc sorcerer casts a spell at you. The bolt of fire hits you! You resist.
* * * LOW HITPOINT WARNING * * *
The orc high priest invokes the aid of Beogh against you.
Beogh smites you!
* * * LOW HITPOINT WARNING * * *
The sun demon hits you!
* * * LOW HITPOINT WARNING * * *
You are engulfed in flames!
You resist.
You die...

..#...#....##........# *,,,,,,,,*
.##..................#**,,,,...,*
#.#......#.##...4§{..#*,,,{,...,*
...............43o..)##,,,,.÷(.,*
.....#.......5.o.#....#*,,.{(..**
......##....##.5o##...##*#.{..#*
.....##.....##..4)#..4.##.(÷..###
....###.....#..33o##.....÷..###.#
.....###........@..##...(..##..#*
......#.........<...##...###.#.##
...#.###............)#####..)..).
#...##.##............).)).).).).)
.#..).....................))..##.
...[#.......................####)
....[))..........^.........#####)
...#.)###..................##§§≈)
..#....###.............^..####§≈.


You could see an orc high priest, a sun demon (summoned), an orange demon
(summoned), a sixfirhy (summoned), a ynoxinul (summoned), a chaos spawn
(summoned), 2 orc sorcerers, a red devil (summoned), an orc warrior and 2
ufetubi.

Vanquished Creatures
  5 dire elephants (Lair:6)
  The ghost of Buacuz the Cleaver, a journeyman NaWn of Gozag (Lair:4)
  The ghost of Anno the Gelid, a journeyman NaIE of Cheibriados (Lair:4)
  A minotaur (Gauntlet)
  Josephine (D:10)
  A boulder beetle (D:9)
  Erolcha (D:10)
  5 hydras
  2 two-headed ogres
  A dancing weapon (Volcano)
  15 death yaks
  An orc high priest (Orc:2)
  A soul eater (Gauntlet)
  A spectral dire elephant (Lair:6)
  Sonja (Lair:4)
  A spectral death yak (Lair:6)
  A spectral anaconda (Lair:6)
  5 wizards (Volcano)
  An obsidian statue (Lair:6)
  2 bog bodies (Lair:2)
  Pikel (D:4)
  4 necromancers (Lair:6)
  4 orc knights (Orc:2)
  2 orc sorcerers (Orc:2)
  An oklob plant (Gauntlet)
  An orb spider (Lair:2)
  A cyclops (D:11)
  37 elephants
  A dire elephant zombie (Lair:6)
  5 toenail golems (Volcano)
  2 black mambas
  5 rime drakes
  Maggie (Lair:1)
  23 cane toads
  13 komodo dragons
  2 minotaur zombies (Gauntlet)
  A rime drake (shapeshifter) (D:8)
  Psyche (D:10)
  2 efreet
  2 polar bears
  A queen bee (D:10)
  6 trolls
  A spectral elephant (Lair:6)
  21 blink frogs
  6 dream sheep
  Sigmund (D:4)
  A shadow (D:10)
  4 wraiths (D:10)
  52 yaks
  5 wyverns
  A vampire mosquito (D:9)
  5 basilisks
  2 swamp worms (Lair:2)
  3 acid dragons
  23 water moccasins
  A warg (D:9)
  An ice beast (D:7)
  23 orc warriors
  2 black bears
  12 wolves
  4 ogres
  7 centaurs
  A necrophage (D:4)
  2 elephant skeletons (Lair:6)
  2 kobold brigands
  10 bullfrogs
  3 wyvern zombies (Ossuary)
  A scorpion (D:4)
  2 gnoll sergeants
  A water moccasin zombie (Ossuary)
  36 killer bees
  10 howler monkeys
  4 electric eels
  5 centaur zombies
  6 hounds
  15 jellies
  4 bullfrog zombies (Ossuary)
  16 orc priests
  2 centaur skeletons
  Crazy Yiuf (D:2)
  A gnoll shaman (D:6)
  Jessica (D:2)
  19 mummies (Ossuary)
  15 orc wizards
  2 killer bee zombies (Ossuary)
  A howler monkey skeleton (D:7)
  18 gnolls
  3 adders
  4 shadow imps
  A white imp (D:5)
  An adder skeleton (D:4)
  3 worms
  5 dart slugs
  72 orcs
  4 bats (D:1)
  12 endoplasms
  5 giant cockroaches
  12 hobgoblins
  4 jackals (D:5)
  6 quokkas
  6 ball pythons
  3 frilled lizards
  4 goblins
  10 kobolds
  8 rats
680 creatures vanquished.

Vanquished Creatures (others)
  An orc priest (Orc:2)
  3 bushes (Lair:6)
  A butterfly (D:5)
  68 fungi
  79 plants
  26 withered plants
178 creatures vanquished.

Grand Total: 858 creatures vanquished

Notes
Turn   | Place    | Note
-------+----------+-------------------------------------------
     0 | D:1      | siradein the Demonspawn Gladiator began the quest for the
                  | Orb.
     0 | D:1      | Reached XP level 1. HP: 16/16 MP: 1/1
   284 | D:1      | Gained mutation: You have a pair of small antennae on your
                  | head. [demonic ancestry]
   284 | D:1      | Reached XP level 2. HP: 22/22 MP: 2/2
   961 | D:1      | Found a faded altar of an unknown god.
  1198 | D:2      | Noticed Jessica
  1205 | D:2      | Killed Jessica
  1206 | D:2      | Gained mutation: You sometimes gain a little power by
                  | taking damage. [demonic ancestry]
  1206 | D:2      | Reached XP level 3. HP: 28/28 MP: 3/3
  1309 | D:2      | You fall into a shaft and drop 2 floors!
  1337 | D:4      | Noticed a scorpion
  1370 | D:4      | Reached XP level 4. HP: 34/34 MP: 4/4
  1484 | D:2      | Found a runed translucent door.
  1485 | D:2      | Noticed Crazy Yiuf
  2747 | D:3      | Found a blossoming altar of Fedhas.
  2752 | D:3      | Reached XP level 5. HP: 37/41 MP: 5/5
  2761 | D:3      | Found a shimmering blue altar of Sif Muna.
  2761 | D:3      | Found an opulent altar of Gozag.
  2763 | D:3      | Found an ornate altar of the Wu Jian Council.
  3118 | D:4      | Noticed Sigmund
  3166 | D:4      | Killed Sigmund
  3167 | D:4      | Reached XP level 6. HP: 25/47 MP: 6/6
  3482 | D:4      | Noticed Pikel
  3507 | D:4      | Killed Pikel
  3508 | D:4      | Reached XP level 7. HP: 32/55 MP: 7/7
  3683 | D:4      | Found a hide-covered altar of Uskayaw.
  3835 | D:4      | Reached skill level 5 in Fighting
  3835 | D:4      | Reached skill level 5 in Short Blades
  3835 | D:4      | Reached skill level 5 in Dodging
  3835 | D:4      | Gained mutation: You have a pair of antennae on your head.
                  | [demonic ancestry]
  3835 | D:4      | Reached XP level 8. HP: 54/62 MP: 8/8
  4039 | D:5      | Entered Level 5 of the Dungeon
  4350 | D:5      | HP: 3/62 [poisoned by a water moccasin]
  4351 | D:5      | Reached skill level 5 in Throwing
  4616 | D:5      | Found a staircase to the Ecumenical Temple.
  4627 | Temple   | Entered the Ecumenical Temple
  4650 | Temple   | Became a worshipper of Warmaster Okawaru
  4688 | D:5      | Reached skill level 1 in Shields
  5103 | D:6      | Identified a scroll of acquirement
  5103 | D:6      | Acquired a +1 pair of gloves of stealth
  5393 | D:6      | Found a sand-covered staircase.
  5407 | Ossuary  | Entered an ossuary
  5521 | Ossuary  | Reached * piety under Okawaru
  5527 | Ossuary  | Gained mutation: You sometimes gain power by taking damage.
                  | [demonic ancestry]
  5527 | Ossuary  | Reached XP level 9. HP: 69/69 MP: 9/9
  5785 | Ossuary  | Reached skill level 1 in Invocations
  6353 | D:6      | Reached skill level 2 in Invocations
  6366 | D:6      | Reached ** piety under Okawaru
  6396 | D:6      | Reached skill level 3 in Invocations
  7397 | D:7      | Reached *** piety under Okawaru
  7433 | D:7      | Noticed a two-headed ogre
  7499 | D:7      | Killed a two-headed ogre
  7500 | D:7      | Reached skill level 4 in Invocations
  7500 | D:7      | Reached XP level 10. HP: 40/79 MP: 11/13
  7959 | D:7      | Received a gift from Okawaru
  8519 | D:8      | Reached skill level 5 in Invocations
  8791 | D:8      | Found a staircase to the Lair.
  8817 | D:8      | Reached **** piety under Okawaru
  9449 | D:9      | Received a gift from Okawaru
  9450 | D:9      | Reached skill level 6 in Invocations
  9531 | D:9      | Found a staircase to the Orcish Mines.
  9626 | D:9      | Noticed a two-headed ogre
  9745 | D:9      | Reached skill level 5 in Shields
  9855 | D:9      | Found a hazy altar of Hepliaklqana.
  9882 | D:9      | Reached XP level 11. HP: 67/86 MP: 15/15
 10078 | D:8      | Received a gift from Okawaru
 10105 | D:9      | Killed a two-headed ogre
 10308 | D:9      | Noticed a boulder beetle
 10330 | D:9      | Killed a boulder beetle
 10330 | D:9      | Reached ***** piety under Okawaru
 10520 | D:10     | Entered Level 10 of the Dungeon
 10591 | D:10     | Noticed Josephine
 10760 | D:2      | Killed Crazy Yiuf
 10964 | D:10     | Noticed Psyche
 11025 | D:10     | Killed Psyche
 11089 | D:10     | Noticed Erolcha
 11103 | D:10     | Killed Erolcha
 11104 | D:10     | Reached skill level 7 in Invocations
 11189 | D:10     | Received a gift from Okawaru
 11432 | D:10     | Killed Josephine
 11458 | D:10     | Found a snail-covered altar of Cheibriados.
 12463 | D:11     | Identified the +1 robe of Zeaxinla {rC+}
 12532 | D:11     | Received a gift from Okawaru
 12546 | D:11     | Reached skill level 8 in Invocations
 13142 | D:11     | Gained mutation: You have a pair of large antennae on your
                  | head. (SInv) [demonic ancestry]
 13142 | D:11     | Reached XP level 12. HP: 94/94 MP: 18/18
 13188 | D:11     | Received a gift from Okawaru
 13387 | Lair:1   | Entered Level 1 of the Lair of Beasts
 13402 | Lair:1   | Noticed Maggie
 13411 | Lair:1   | Killed Maggie
 13480 | Lair:1   | Identified the +6 quick blade of Wyrd {freeze, rPois}
                  | (Okawaru gifted it to you on level 1 of the Lair of Beasts)
 13480 | Lair:1   | Received a gift from Okawaru
 13959 | Lair:1   | Noticed a six-headed hydra
 13976 | Lair:1   | Killed a six-headed hydra
 13977 | Lair:1   | Reached skill level 1 in Stealth
 13977 | Lair:1   | Reached skill level 9 in Invocations
 14049 | Lair:1   | Reached skill level 1 in Evocations
 14844 | D:10     | Received a gift from Okawaru
 15165 | Lair:2   | Received a gift from Okawaru
 15266 | Lair:2   | Reached ****** piety under Okawaru
 15345 | Lair:2   | Found a staircase to the Swamp.
 15359 | Lair:2   | Noticed a four-headed hydra
 15369 | Lair:2   | Killed a four-headed hydra
 15670 | Lair:2   | Received a gift from Okawaru
 15957 | Lair:2   | Reached XP level 13. HP: 94/102 MP: 20/20
 16056 | Lair:2   | Found a hole to the Spider Nest.
 16608 | Lair:2   | Reached skill level 10 in Invocations
 16824 | Lair:2   | Received a gift from Okawaru
 17224 | Lair:3   | Reached skill level 10 in Fighting
 17352 | Lair:3   | Found a runed translucent gate.
 17352 | Lair:3   | Found a runed translucent gate.
 17354 | Lair:3   | Found a runed translucent gate.
 17356 | Lair:3   | Noticed Buacuz's ghost (journeyman NaWn)
 17797 | Lair:3   | Received a gift from Okawaru
 18280 | Lair:4   | Noticed Sonja
 18287 | Lair:4   | Killed Sonja
 18424 | Lair:4   | Found a transporter.
 18427 | Lair:4   | Noticed Anno's ghost (journeyman NaIE)
 18437 | Lair:4   | Found a transporter.
 18551 | Lair:4   | Received a gift from Okawaru
 19121 | Lair:5   | Reached skill level 11 in Invocations
 19183 | Lair:5   | Found a gate leading to a gauntlet.
 19194 | Gauntlet | Entered a Gauntlet
 19194 | Gauntlet | Found a transporter.
 19202 | Gauntlet | Found a runed translucent door.
 19205 | Gauntlet | Found a transporter.
 19206 | Gauntlet | Found a transporter.
 19207 | Gauntlet | Found a transporter.
 19215 | Gauntlet | Found a transporter.
 19218 | Gauntlet | Found a transporter.
 19219 | Gauntlet | Found a transporter.
 19221 | Gauntlet | Noticed a reaper
 19228 | Gauntlet | Found a transporter.
 19231 | Gauntlet | Found a transporter.
 19232 | Gauntlet | Found a transporter.
 19236 | Gauntlet | Found a runed translucent door.
 19239 | Gauntlet | Found a runed translucent door.
 19240 | Gauntlet | Found a transporter.
 19243 | Gauntlet | Found a transporter.
 19244 | Gauntlet | Found a transporter.
 19260 | Gauntlet | Found a transporter.
 19656 | Gauntlet | Identified the +4 hand crossbow of Honesty {venom, rF+ MP+9
                  | Dex-5}
 19656 | Gauntlet | Noticed a minotaur
 19705 | Gauntlet | Killed a minotaur
 19705 | Gauntlet | Received a gift from Okawaru
 19706 | Gauntlet | Reached XP level 14. HP: 24/111 MP: 22/22
 19795 | Gauntlet | Reached skill level 5 in Stealth
 19995 | Lair:4   | Reached skill level 5 in Evocations
 20067 | Lair:5   | Reached skill level 10 in Short Blades
 20189 | Lair:5   | Received a gift from Okawaru
 20451 | Lair:5   | Reached skill level 10 in Dodging
 20717 | Lair:6   | Entered Level 6 of the Lair of Beasts
 21064 | Lair:6   | Found a staircase to the Slime Pits.
 21081 | Lair:6   | Received a gift from Okawaru
 21178 | Lair:6   | Reached skill level 10 in Throwing
 21599 | Lair:5   | Received a gift from Okawaru
 22313 | Lair:6   | Reached skill level 12 in Invocations
 23232 | Lair:6   | Identified the +7 hand crossbow of Ubiquitous Fortitude
                  | {penet, Will+} (Okawaru gifted it to you on level 6 of the
                  | Lair of Beasts)
 23232 | Lair:6   | Received a gift from Okawaru
 23322 | Lair:6   | Identified the +9 rapier "Blob" {speed, Str-5 Dex+3}
 23366 | Lair:6   | Gained mutation: A meltable shield of frost defends you.
                  | (SH +0) [demonic ancestry]
 23366 | Lair:6   | Reached XP level 15. HP: 109/119 MP: 24/24
 23746 | Lair:6   | Gained mutation: You are dopey. (Int -2) [a neqoxec]
 24434 | Lair:4   | Killed Buacuz's ghost
 24434 | Lair:4   | Received a gift from Okawaru
 25599 | Lair:4   | Killed Anno's ghost
 25781 | Lair:4   | Identified the amulet "Cyulatef" {Regen+ rCorr Str-4 Int+3}
 25964 | Orc:1    | Entered Level 1 of the Orcish Mines
 26369 | Orc:1    | You are sucked into a shaft and drop 1 floor!
 26369 | Orc:2    | Entered Level 2 of the Orcish Mines
 26855 | Orc:2    | Found a dark tunnel.
 26863 | Volcano  | Entered a volcano
 27609 | Orc:2    | Found a staircase to the Elven Halls.
 28069 | Orc:2    | Paralysed by an orc sorcerer for 3 turns
 28084 | Orc:2    | Paralysed by an orc sorcerer for 4 turns
 28086 | Orc:2    | HP: 2/120 [sun demon[an orc sorcerer] (15)]
 28086 | Orc:2    | Mangled by a sun demon

Illustrated notes

Levels and vault maps discovered:
D:1:      onia_arrival_handbag, layout_basic,
          shapermc_ecumenical_altar_mp_highgroup, minmay_surrounded
D:2:      layout_basic, st_stairs_7, nrook_uturn, uniq_crazy_yiuf_cottage,
          uniq_jessica
D:3:      layout_basic, mainiacjoe_overflow_alcove_3
D:4:      layout_basic, nicolae_uskayaw_suspiria, minmay_crystal_water,
          minmay_misc_feat_columns, uniq_sigmund, uniq_pikel
D:5:      layout_loops_ring, nicolae_elyvilon_peaceful_grove,
          minmay_temple_entry_grid
D:6:      layout_layer_cave, lightli_ossuary_entry_decrepit_ruins
D:7:      layout_cave_pools, minmay_misc_feat_enclosed,
          wad_floor_pattern_untrapped, dk_noncrumbling_3
D:8:      layout_basic, due_lair_maze_entry_diamond
D:9:      minmay_diamond_stairs, layout_cave_pools, kennysheep_little_box,
          erik_orc_2
D:10:     layout_gridville, mainiacjoe_overflow_brackets, uniq_psyche,
          uniq_josephine, uniq_erolcha
D:11:     layout_roguey [special_room_bee]
Temple:   jpeg_temple_clearing
Lair:1:   layout_regular_city, uniq_maggie
Lair:2:   layout_chaotic_city, nicolae_swamp_entry_splash_gauntlet,
          nicolae_spider_entry_orb_guardian, wad_woods_road_04
Lair:3:   layout_roguey, gammafunk_ghost_split
Lair:4:   layout_loops_ring, gammafunk_ghost_arena,
          chequers_serial_rivers_small_a, infiniplex_staircase_pool,
          grunt_megastairs_2, uniq_sonja
Lair:5:   layout_long_grid, gauntlet_entry_generic, beast_lair_carwin_3,
          grunt_megastairs_3
Lair:6:   due_jungle_book, layout_regular_city, minmay_slime_entry_jelly_boxes,
          nicolae_quartered_pool_impasse
Orc:1:    layout_caves
Orc:2:    grunt_orc_tribal_feast, layout_caves, nicolae_volcano_entry_hallway

Skill      XL: |  1  2  3  4  5  6  7  8  9 10 11 12 13 14 15 |
---------------+----------------------------------------------+-----
Throwing       | 2 3 4 5 6 7 8 9 10 | 10.8
Short Blades   | 3 4 5 6 7 8 9 10 11 | 11.0
Dodging        | 3 4 5 6 7 8 9 10 | 10.9
Fighting       | 3 4 5 6 7 8 9 10 11 | 11.6
Shields        | 2 3 5 6 7 8 9 |  9.4
Invocations    | 4 6 8 9 11 12 | 12.9
Stealth        | 3 4 6 7 |  7.1
Evocations     | 3 4 6 7 |  7.2

Action                   |  1- 3 |  4- 6 |  7- 9 | 10-12 | 13-15 || total
-------------------------+-------+-------+-------+-------+-------++-------
Melee: Rapier            |    76 |       |   376 |    68 |   469 ||   989
       Spear             |    13 |   144 |   244 |    62 |       ||   463
       Scimitar          |       |       |       |   550 |       ||   550
       Quick blade       |       |       |       |   504 |  2628 ||  3132
 Fire: Hunting sling     |       |       |       |   134 |    45 ||   179
Throw: Stone             |       |     4 |    23 |    10 |       ||    37
       Throwing net      |       |     2 |       |       |       ||     2
       Dart              |       |       |       |    12 |    27 ||    39
       Boomerang         |       |       |       |       |     1 ||     1
Invok: Heroism           |       |       |     2 |     1 |     6 ||     9
       Finesse           |       |       |       |       |     8 ||     8
Evoke: Wand              |       |       |       |       |     2 ||     2
  Use: Scroll            |       |       |     6 |     4 |     9 ||    19
       Potion            |       |       |     4 |     1 |     5 ||    10
 Stab: Sleeping          |     2 |     3 |     1 |     8 |    16 ||    30
       Held in net/web   |       |     1 |       |       |       ||     1
       Distracted        |       |       |     2 |     1 |     1 ||     4
Armor: Leather armour    |    18 |       |       |       |       ||    18
       Robe              |       |    21 |   131 |   188 |       ||   340
       Troll leather arm |       |       |       |    70 |   338 ||   408
       Swamp dragon scal |       |       |       |     1 |       ||     1
Dodge: Dodged            |    59 |    64 |   311 |   748 |   844 ||  2026
Block: Kite shield       |       |       |    28 |       |   723 ||   751
       Buckler           |       |       |    85 |   251 |   110 ||   446

Table legend: (Time is in decaauts)
 A = Elapsed time spent in this place.
 B = Non-inter-level travel time spent in this place.
 C = Inter-level travel time spent in this place.
 D = Time resting spent in this place.
 E = Time spent auto-exploring this place.
 F = Levels seen in this place.
 G = Mean time per level.
                   A        B        C        D        E       F      G
               +--------+--------+--------+--------+--------+-----+--------+
         Total |  26107 |  24016 |   2091 |   1502 |  13369 |  23 | 1135.1 |
       Dungeon |  14340 |  12788 |   1552 |    540 |   7740 |  11 | 1303.6 |
        Temple |     43 |     23 |     20 |      0 |      9 |   1 |   43.0 |
          Lair |   8968 |   8449 |    519 |    738 |   4574 |   6 | 1494.7 |
  Orcish Mines |   1221 |   1221 |      0 |    118 |    576 |   2 |  610.5 |
       Ossuary |    577 |    577 |      0 |      0 |    201 |   1 |  577.0 |
       Volcano |    367 |    367 |      0 |     11 |    131 |   1 |  367.0 |
      Gauntlet |    589 |    589 |      0 |     95 |    136 |   1 |  589.0 |
               +--------+--------+--------+--------+--------+-----+--------+

Top non-repeatable levels by time:
  Lair:6: 2334 daAuts
     D:9: 1943 daAuts
     D:6: 1648 daAuts
    D:10: 1622 daAuts
     D:8: 1500 daAuts
  Lair:2: 1490 daAuts
     D:2: 1420 daAuts
  Lair:5: 1367 daAuts
  Lair:4: 1266 daAuts
  Lair:1: 1256 daAuts
  Lair:3: 1252 daAuts
     D:4: 1216 daAuts
     D:1: 1108 daAuts
    D:11: 1096 daAuts
     D:5: 1080 daAuts
